 Dungeon Crawl Stone Soup version 0.28-a0-1510-gd0f6b136d3 (webtiles) character file.

Game seed: 16202200543949561471

4757 innerfire433 the Archer (level 10, -1/100 HPs)
             Began as a Demonspawn Wanderer on Jan 15, 2022.
             Was a Believer of Nemelex Xobeh.
             Slain by a two-headed ogre (9 damage)
             ... on level 9 of the Dungeon.
             The game lasted 00:40:04 (8933 turns).

innerfire433 the Archer (Demonspawn Wanderer)       Turns: 8933, Time: 00:40:06

Health: -1/100     AC: 25    Str: 19    XL:     10   Next: 23%
Magic:  11/17      EV:  2    Int: 16    God:    Nemelex Xobeh [**....]
Gold:   481        SH:  0    Dex: 21    Spells: 14/19 levels left

rFire   + . .      SeeInvis .   a - +3 longbow of Generosity {speed, rF+ Str+5}
rCold   . . .      Faith    .   (shield currently unavailable)
rNeg    . . .      Spirit   .   (armour currently unavailable)
rPois   +          Reflect  .   (helmet currently unavailable)
rElec   .          Harm     .   (cloak currently unavailable)
rCorr   +          Rampage  .   (gloves unavailable)
Will    .....      NoTele   +   (boots currently unavailable)
Stlth   ++........              (no amulet)
HPRegen 0.26/turn               r - +6 ring of dexterity
MPRegen 0.15/turn               g - ring of resist corrosion

@: tree-form
A: stationary, stasis, torment immunity, boosted hp, (claws 3), powered by death
1, big brain 1, demonic magic 1
a: Renounce Religion, Draw Escape, Draw Destruction, Draw Summoning


You were on level 9 of the Dungeon.
You worshipped Nemelex Xobeh.
Nemelex Xobeh was pleased with you.
You were a tree.
You visited 2 branches of the dungeon, and saw 10 of its levels.

You collected 481 gold pieces.

Inventory:

Hand Weapons
 a - the +3 longbow of Generosity (weapon) {speed, rF+ Str+5}
   (You acquired it on level 3 of the Dungeon)

   Attacks with this weapon are significantly faster.
   Str:       It affects your strength (+5).
   rF:        It protects you from fire.
 b - a +3 short sword of venom
 i - a +0 giant club
 m - a +0 dagger
 D - a +2 rapier of venom
Missiles
 j - 311 stones
 o - 99 arrows (quivered ammo)
Armour
 c - a +0 robe (melded)
 h - a +0 pair of boots (melded)
 k - a +0 ring mail
 n - a +0 scale mail
 s - a +0 pair of gloves
Jewellery
 g - a ring of resist corrosion (right branch)
 r - a +6 ring of dexterity (left branch)
 z - a ring of resist corrosion
Wands
 p - a wand of acid (10)
 u - a wand of charming (10)
 x - a wand of polymorph (22)
 B - a wand of iceblast (4)
 E - a wand of digging (4)
Scrolls
 d - 4 scrolls of silence
 f - 5 scrolls of identify
 q - a scroll of blinking
 y - a scroll of fog {unknown}
 A - a scroll of immolation {unknown}
 C - a scroll of teleportation {unknown}
Potions
 e - a potion of cancellation {unknown}
 l - a potion of flight {unknown}
 t - a potion of lignification
 v - 2 potions of degeneration
 w - 3 potions of brilliance


   Skills:
 - Level 2.2 Fighting
 - Level 2.0 Short Blades
 * Level 9.9 Bows
 - Level 2.1 Throwing
 - Level 0.9 Armour
 - Level 0.1 Dodging
 + Level 5.1 Spellcasting
 * Level 3.6 Conjurations
 * Level 3.6 Necromancy
 + Level 4.6 Earth Magic
 * Level 4.6 Evocations


You had 14 spell levels left.
You knew the following spells:

 Your Spells              Type           Power      Damage    Failure   Level
a - Sandblast             Erth           38%        2d10      2%          1
b - Stone Arrow           Conj/Erth      34%        3d9       9%          3
c - Animate Skeleton      Necr           30%        N/A       3%          1

Your spell library contained the following spells:

 Spells                   Type           Power      Damage    Failure   Level
 Magic Dart               Conj           60%        1d6       3%          1
 Pain                     Necr           60%        1d7       3%          1
 Vampiric Draining        Necr           15%        2d7       10%         3
 Gell's Gravitas          Tloc           4%         N/A       41%         3
 Lesser Beckoning         Tloc           4%         N/A       41%         3
 Portal Projectile        Hex/Tloc       8%         N/A       41%         3
 Teleport Other           Tloc           4%         N/A       41%         3


Dungeon Overview and Level Annotations

Branches:
Dungeon (9/15)             Temple (1/1) D:5
   Lair: D:8-11         Orc: D:9-12

Altars:
Ashenzari
Cheibriados
Dithmenos
Elyvilon
Gozag
Hepliaklqana
Kikubaaqudgha
Makhleb
Nemelex Xobeh
Okawaru
Qazlal
Trog
Uskayaw
Vehumet
Wu Jian
Xom
Yredelemnul
Zin
The Shining One


Innate Abilities, Weirdness & Mutations

You are a tree.
Your roots penetrate the ground, keeping you stationary.
You cannot be teleported.
You are immune to unholy pain and torment.
Your maximum health is greatly increased.
Your equipment is partially melded.
((You have claws for hands.))
You regenerate a little health from kills.
You have an unusually large brain. (Int +2)
Spells you cast may paralyse adjacent enemies.


Message History

Aim: an orc warrior, wielding a +0 hand axe and wearing a +0 plate armour (moderately wounded, 68% to hit)
You miscast Stone Arrow.
You are very lightly contaminated with residual magic.
Nothing appears to happen.
The two-headed ogre hits you with a +0 giant club! x2
Casting: Stone Arrow (dangerous; 9% risk of failure)
Confirm with . or Enter, or press ? or * to list all spells.
Aiming: Stone Arrow (dangerous; 9% risk of failure)
Press: ? - help, Shift-Dir - straight line, f - centaur, p - orc warrior
Aim: a centaur, wielding a +0 shortbow and quivering arrows (81% to hit)
The stone arrow hits the two-headed ogre!
The two-headed ogre is almost dead.
Malevolent energies surge around you.
The two-headed ogre hits you with a +0 giant club! x2
* * * LOW HITPOINT WARNING * * *
The orc wizard shouts!
The orc wizard casts a spell.
The orc wizard flickers and vanishes!
Deactivating autopickup; reactivate with Ctrl-A.
You are too injured to fight recklessly!
Fire: 100 arrows
Press: ? - help, Q - select action, (/) - cycle Shift-Dir - straight line, f/p - centaur
Aim: a centaur, wielding a +0 shortbow and quivering arrows (77% to hit)
You shoot an arrow.
The arrow hits the two-headed ogre but does no damage.
The two-headed ogre is almost dead.
Your magical contamination has completely faded away.
You hear the creaking of a distant portcullis.
The centaur shoots an arrow.
The arrow hits you.
* * * LOW HITPOINT WARNING * * *
The centaur shoots an arrow.
The arrow hits you!
* * * LOW HITPOINT WARNING * * *
Really quaff the potion of lignification?
You turn into a tree.
Your +0 pair of boots melds into your body.
Your +0 robe melds into your body.
Your roots penetrate the ground.
The two-headed ogre hits you but does no damage.
The two-headed ogre hits you with a +0 giant club!
You die...
Your body disappears without a glow.

##...P.....P..###
#.....P......P...
##.PP..#+##.P.PP[#
#..PP..# #..P...#
#.....P# #...P..#
#oP..PP## #.PP..##
#...P.P.P ..P.P.#
#O#....P.....P.##
#♣#...P......P.#
#.....PPPP
###..#... ..###.
.# .# #


You could see a two-headed ogre and an orc warrior.

Vanquished Creatures
  Grinder (D:6)
  Prince Ribbit (D:6)
  Sigmund (D:2)
  Eustachio (D:6)
  A yak (D:9)
  2 steam dragons
  An orc warrior (D:8)
  2 black bears
  2 ogres
  An ice beast (D:6)
  A sky beast (D:6)
  2 centaurs (D:8)
  A phantom (D:5)
  Blork the orc (D:4)
  2 kobold brigands
  5 bullfrogs
  2 scorpions
  2 water moccasin skeletons
  3 wights (D:8)
  7 howler monkeys
  2 jellies
  3 centaur zombies
  5 orc priests
  3 hounds
  4 bullfrog skeletons
  A centaur skeleton (D:6)
  A gnoll shaman (D:7)
  3 iguanas
  Terence (D:2)
  6 orc wizards
  7 gnolls
  A howler monkey skeleton (D:4)
  6 adders
  2 shadow imps (D:7)
  An ufetubus (D:4)
  A worm (D:3)
  26 orcs
  4 endoplasms
  6 giant cockroaches
  2 goblins
  7 hobgoblins
  5 jackals
  3 quokkas
  9 ball pythons
  8 bats
  2 frilled lizards
  19 kobolds
  7 rats
184 creatures vanquished.

Vanquished Creatures (others)
  Maurice (D:8)
  3 fungi (D:9)
  A plant (D:9)
5 creatures vanquished.

Grand Total: 189 creatures vanquished

Notes
Turn   | Place    | Note
-------+----------+-------------------------------------------
     0 | D:1      | innerfire433 the Demonspawn Wanderer began the quest for
                  | the Orb.
     0 | D:1      | innerfire433 set off with the following items: a +0 dagger,
                  | 58 stones, a +0 robe, a scroll of silence; and the
                  | following spells available to memorise: Sandblast, Magic
                  | Dart, Stone Arrow, Portal Projectile, Teleport Other
     0 | D:1      | Reached XP level 1. HP: 16/16 MP: 4/4
     2 | D:1      | Learned a level 1 spell: Sandblast
   324 | D:1      | Gained mutation: Spells you cast may paralyse adjacent
                  | enemies. [demonic ancestry]
   324 | D:1      | Reached XP level 2. HP: 15/22 MP: 0/6
  1392 | D:2      | Noticed Sigmund
  1402 | D:2      | Killed Sigmund
  1403 | D:2      | Reached skill level 1 in Short Blades
  1403 | D:2      | Gained mutation: You have an unusually large brain. (Int
                  | +2) [demonic ancestry]
  1403 | D:2      | Reached XP level 3. HP: 5/27 MP: 6/8
  1403 | D:2      | Reached XP level 4. HP: 6/33 MP: 6/9
  1403 | D:2      | Reached XP level 5. HP: 7/38 MP: 6/10
  1945 | D:2      | Found a faded altar of an unknown god.
  2001 | D:2      | Noticed Terence
  2011 | D:2      | Killed Terence
  2729 | D:3      | Gained mutation: You regenerate a little health from kills.
                  | [demonic ancestry]
  2729 | D:3      | Reached XP level 6. HP: 44/44 MP: 11/11
  2856 | D:3      | Found a burning altar of Makhleb.
  2856 | D:3      | Noticed a cacodemon
  3259 | D:3      | Identified a scroll of acquirement
  3259 | D:3      | Acquired the +3 longbow of Generosity {speed, rF+ Str+5}
  3321 | D:4      | Reached skill level 1 in Bows
  3330 | D:4      | Found a broken altar of Ashenzari.
  3331 | D:4      | Found a snail-covered altar of Cheibriados.
  3333 | D:4      | Found a shimmering altar of Xom.
  3340 | D:4      | Found a basalt altar of Yredelemnul.
  3551 | D:4      | Reached skill level 2 in Bows
  3612 | D:4      | Found an iron altar of Okawaru.
  3805 | D:4      | Reached skill level 3 in Bows
  3813 | D:4      | Gained mutation: You have sharp fingernails. [demonic
                  | ancestry]
  3813 | D:4      | Reached XP level 7. HP: 50/50 MP: 13/13
  3906 | D:4      | Noticed Blork the orc
  3914 | D:4      | Killed Blork the orc
  4124 | D:4      | Reached skill level 4 in Bows
  4356 | D:5      | Entered Level 5 of the Dungeon
  4412 | D:5      | Found a staircase to the Ecumenical Temple.
  4563 | D:5      | Reached skill level 5 in Bows
  4563 | D:5      | Gained mutation: You have very sharp fingernails. [demonic
                  | ancestry]
  4563 | D:5      | Reached XP level 8. HP: 38/56 MP: 11/14
  4573 | D:5      | Learned a level 3 spell: Stone Arrow
  4575 | D:5      | Learned a level 1 spell: Animate Skeleton
  4744 | Temple   | Entered the Ecumenical Temple
  4961 | Temple   | Became a worshipper of Nemelex Xobeh the Trickster
  5337 | D:6      | Reached skill level 6 in Bows
  5337 | D:6      | Reached skill level 1 in Necromancy
  5386 | D:6      | Found a stormy altar of Qazlal.
  5392 | D:6      | Noticed Prince Ribbit
  5401 | D:6      | Killed Prince Ribbit
  5402 | D:6      | Reached skill level 1 in Conjurations
  5509 | D:6      | Noticed Eustachio
  5535 | D:6      | Killed Eustachio
  5536 | D:6      | Reached skill level 7 in Bows
  5816 | D:6      | Reached * piety under Nemelex Xobeh
  5969 | D:6      | Reached XP level 9. HP: 47/61 MP: 9/16
  6183 | D:6      | Noticed Grinder
  6188 | D:6      | Killed Grinder
  6577 | D:7      | Reached skill level 8 in Bows
  6577 | D:7      | Reached skill level 5 in Spellcasting
  7054 | D:7      | Received a gift from Nemelex Xobeh
  7181 | D:7      | Reached ** piety under Nemelex Xobeh
  7387 | D:7      | Found an ornate altar of the Wu Jian Council.
  7731 | D:8      | Reached skill level 9 in Bows
  7764 | D:8      | Noticed Maurice
  7887 | D:8      | Killed Maurice
  7888 | D:8      | Gained mutation: You have claws for hands. [demonic
                  | ancestry]
  7888 | D:8      | Reached XP level 10. HP: 27/67 MP: 17/17
  8907 | D:9      | Noticed a two-headed ogre
  8933 | D:9      | Slain by a two-headed ogre

Illustrated notes

Levels and vault maps discovered:
D:1:      lightli_arrival_windingriver, layout_basic
D:2:      layout_basic, basic_ecumenical_altar, uniq_terence, uniq_sigmund
D:3:      layout_basic, makhleb_altar_promises_db
D:4:      layout_loops_cross, nicolae_overflow_hidden_temple,
          chequers_temple_overflow_statue_of_worship, uniq_blork_the_orc
D:5:      layout_cave_pools, nicolae_overflow_crystal_walls,
          minmay_temple_entry_statues_pillars, minivault_26
D:6:      layout_basic, nicolae_qazlal_general_emergency, uniq_grinder,
          uniq_eustachio, uniq_prince_ribbit1
D:7:      layout_basic, mainiacjoe_overflow_alcove_2
D:8:      layout_basic, uniq_maurice
D:9:      layout_loops_ring, mainiacjoe_overflow_alcove_4,
          mainiacjoe_overflow_alcove_1, grunt_lair_entry_orc_guard_hut,
          david_orc_1_choice, enter_bailey_3, hive_lemuel
Temple:   eino_wide_crystal_templ

Skill      XL: |  1  2  3  4  5  6  7  8  9 |
---------------+----------------------------+-----
Short Blades   | 1 2 |  2.0
Throwing       | 2 |  2.1
Earth Magic    | 3 4 |  4.6
Bows           | 3 5 7 9 |  9.9
Spellcasting   | 4 5 |  5.1
Necromancy     | 2 3 |  3.6
Evocations     | 3 4 |  4.6
Conjurations   | 1 3 |  3.6
Fighting       | |  2.2
Armour         | |  0.9
Dodging        | |  0.1

Action                   |  1- 3 |  4- 6 |  7- 9 | 10-12 || total
-------------------------+-------+-------+-------+-------++-------
Melee: Dagger            |    12 |       |       |       ||    12
       Short sword       |     7 |    96 |       |       ||   103
       Punch             |       |     1 |       |       ||     1
       Longbow           |       |     1 |       |       ||     1
       Unarmed           |       |       |     4 |       ||     4
 Fire: Longbow           |       |    51 |   251 |    52 ||   354
Throw: Stone             |    65 |    21 |       |       ||    86
 Cast: Sandblast         |    26 |     8 |    19 |       ||    53
       Stone Arrow       |       |       |    25 |     5 ||    30
  Use: Scroll            |       |     3 |     5 |       ||     8
       Potion            |       |     2 |     7 |     3 ||    12
 Stab: Paralysed         |     5 |     3 |       |       ||     8
Armor: Robe              |    13 |     3 |     8 |     2 ||    26
       Ring mail         |     1 |    24 |       |       ||    25
       Scale mail        |       |    37 |       |       ||    37
       Skin              |       |       |       |     2 ||     2
Dodge: Dodged            |    22 |    70 |    55 |     9 ||   156

Table legend: (Time is in decaauts)
 A = Elapsed time spent in this place.
 B = Non-inter-level travel time spent in this place.
 C = Inter-level travel time spent in this place.
 D = Time resting spent in this place.
 E = Time spent auto-exploring this place.
 F = Levels seen in this place.
 G = Mean time per level.
                   A        B        C        D        E       F      G
               +--------+--------+--------+--------+--------+-----+--------+
         Total |   8859 |   8737 |    122 |      0 |   6685 |  10 |  885.9 |
       Dungeon |   8653 |   8531 |    122 |      0 |   6685 |   9 |  961.4 |
        Temple |    205 |    205 |      0 |      0 |      0 |   1 |  205.0 |
               +--------+--------+--------+--------+--------+-----+--------+

Top non-repeatable levels by time:
     D:1: 1349 daAuts
     D:7: 1263 daAuts
     D:8: 1191 daAuts
     D:2: 1054 daAuts
     D:4: 1047 daAuts
     D:6: 947 daAuts
     D:3: 913 daAuts
     D:5: 729 daAuts
  Temple: 205 daAuts
     D:9: 157 daAuts
